BabarenBart, chaotic male elven Priest ---------------- ###########################-............... #--------------- |..............| #-.............| |............<.| ---- ##|.............| --+---------+--- |.... ######-.............| |....-### |..............### |. ..| --.------------ # |....| ######### # ---- # ### # # # . - I |....####### |...| I |...| --- BabarenBart the Acolyte Experience level: 3 Strength: 9 Dexterity: 14 Constitution: 11 Intelligence: 13 Wisdom: 20 Charisma: 8 Health: 0(22) Energy: 42(42) Def: 3 Gold: 210 Moves: 1079 Dungeon seed: jAyTzbB5UhciW7FZ Game ID: BabarenBart_1478691400 Your Inventory: Coins $ - 210 gold pieces Weapons a - a blessed +1 mace (weapon in hand) v - a +0 orcish dagger Armor e - a +0 robe (being worn) n - a blessed +0 small shield (being worn) N - a cursed -1 orcish helm Comestibles s - a fortune cookie w - a goblin corpse Scrolls o - a scroll of enchant weapon u - a cursed scroll of food detection Spellbooks f - a spellbook of detect unseen g - a spellbook of extra healing Potions b - 4 potions of holy water m - a potion of confusion Rings i - a ring of conflict Tools h - a leather drum l - an oil lamp (0:1114) Gems q - 2 jasper stones y - a worthless piece of black glass z - an opal Boulders/Statues r - a statue of a newt Spells and supernatural/magical abilities: Name Level Category Fail Memory x - extra healing 3 healing 50% 95% U - detect unseen 3 divination 55% 98% W - pray for help -- divine ? -- X - turn undead -- divine ? -- Your skills at the end: Fighting Skills Weapon Skills mace [Basic] Spellcasting Skills clerical spells [Basic] Final Attributes: You were piously aligned. You were blinded. You had infravision. You are dead. Vanquished creatures: 2 geckos 4 jackals 3 foxes a kobold 2 goblins 3 sewer rats 2 lichens 2 newts 19 creatures vanquished. Voluntary challenges: You followed a strict vegan diet. You used a wielded weapon 20 times, starting on turn 27. You read items or engraved 9 times, starting on turn 531. You never genocided any monsters. You never polymorphed an object. You never changed form. You used no wishes. You never split a pudding. You never wrote Elbereth's name. You never violated your personal moral code. Dungeon overview: The Dungeons of Doom: levels 1 to 3 Level 1 some fountains a long staircase Level 2 some fountains Level 3 <- You were here History has recorded: On T:1 you entered the Dungeons of Doom to retrieve the Amulet of Yendor! On T:486 you reached level 2 of The Dungeons of Doom. On T:558 you advanced to experience level 2. On T:767 you reached level 3 of The Dungeons of Doom. On T:925 you advanced to experience level 3. Score breakdown: Gold: 210 ( 7906 points) Experience: 3 levels ( 7878 points) Exploration: 3 levels ( 6.00%) ( 6060 points) Discoveries: 0 items ( 0.00%) ( 0 points) Valuables value: (no points given unless you survive) Artifact value: 0 ( 0 points) Variety of kills: 8 monsters ( 2.10%) ( 4347 points) Turncount: 1079 turns ( 0 points) Survival: died (score multiplied by 80%) Total score: 20952 Latest messages: Use the 'moveonly' command to move into a remembered wall. You kill it! You attack thin air. You are beginning to feel hungry. Oof! You walk into something hard. Use the 'moveonly' command to move into a remembered wall. (2x) Oof! You walk into something hard. (2x) Use the 'moveonly' command to move into a remembered wall. (2x) Oof! You walk into something hard. (6x) Use the 'moveonly' command to move into a remembered wall. This lichen corpse tastes terrible! You finish eating the lichen corpse. Use the 'moveonly' command to move into a remembered wall. Oof! You walk into something hard. (2x) It bites! It misses. It bites! (2x) Oof! You walk into something hard. It misses. It bites! You hit it. It bites! (2x) You die... The statue of a newt is empty. Final status: Goodbye BabarenBart the Priest, killed by a giant bat... You died in The Dungeons of Doom on dungeon level 3 with 20952 points, and 210 pieces of gold, after 1079 moves. You were level 3 with a maximum of 22 hit points when you died.